 Dungeon Crawl Stone Soup version 0.32-a0-995-gb4a59205af (webtiles) character file.

Game seed: 14493950037659445196

612746 zewo the Englaciator (level 27, -5/275 HPs)
             Began as a Human Earth Elementalist on Apr 22, 2024.
             Was an Initiate of Gozag.
             Killed from afar by a Hell Sentinel (38 damage)
             ... with an iron shot
             ... on level 27 of a ziggurat.
             The game lasted 04:33:11 (69106 turns).

zewo the Englaciator (Human Earth Elementalist)    Turns: 69106, Time: 04:33:12

Health: -5/275     AC: 29    Str:  4    XL:     27
Magic:  48/52      EV: 22    Int: 36    God:    Gozag
Gold:   4372       SH:  9    Dex: 23    Spells: 17/58 levels left

rFire   + + .        V - +4 rapier "Zuhed" {chaos, Will+ MP+9 Dex+7}
rCold   + + +        E - +0 buckler of the Harvest {Rampage rPois Stlth+}
rNeg    + . .        c - melded +3 troll leather armour of the Lost Hells {rF+ rC+ Regen+ Str+2}
rPois   ∞            D - +0 helmet {Int+3}
rElec   +            G - +0 cloak of the Thief {Quiet Slay-3 SInv Stlth+}
rCorr   +            (gloves currently unavailable)
SInv    +            S - melded +3 pair of mountain boots {steadfast, rC+}
Will    +++..        f - amulet of magic regeneration
Stlth   +++++        X - ring of Cowublegu {rC++ rCorr Str-2 Int+2 SInv}
HPRegen 0.65/turn    R - ring "Digulava" {rPois rF+ EV+5 Int+3}
MPRegen 0.73/turn

%: rampage
@: brilliant, statue-form, resistant, in a vortex, flying (expiring), hasted,
studying 3 skills
A: slow and powerful, torment resistance 1, boosted hp, explore regen,
deterioration 1, weak 1, no potion heal 1, subdued magic 1, devolution 1
}: 2/15 runes: serpentine, barnacled
a: Begin Untransformation, Renounce Religion, Potion Petition, Call Merchant,
Bribe Branch


You were on level 27 of a ziggurat.
You worshipped Gozag.
Gozag was most pleased with you.
You were a living statue of rough stone.
You visited 8 branches of the dungeon, and saw 39 of its levels.
You visited 1 bazaar.
You visited 1 ziggurat, and saw 27 of its levels.
You also visited: Bailey, Gauntlet and Wizlab.

You collected 13573 gold pieces.
You spent 2185 gold pieces at shops.
You paid 7016 gold pieces to Gozag.

Inventory:

Hand Weapons
 a - the +4 trident of Anguish {speed, rPois MP+9 Dex+4}
   (You found it on level 15 of the Dungeon)

   Dex+4:     It affects your dexterity (+4).
   rPois:     It protects you from poison.
   MP+9:      It affects your magic capacity (+9).
 Q - a +2 short sword of distortion
 V - the +4 rapier "Zuhed" (weapon) {chaos, Will+ MP+9 Dex+7}
   (You found it on level 11 of a ziggurat)

   Dex+7:     It affects your dexterity (+7).
   Will+:     It increases your willpower.
   MP+9:      It affects your magic capacity (+9).
Missiles
 C - 14 javelins
 Z - 16 silver javelins
Armour
 c - the +3 troll leather armour of the Lost Hells (melded) {rF+ rC+ Regen+ Str+2}
   (You found it on level 14 of a ziggurat)

   Str+2:     It affects your strength (+2).
   rF+:       It protects you from fire.
   rC+:       It protects you from cold.
   Regen+:    It increases your rate of health regeneration.
 p - a +0 kite shield of resistance
 q - the +0 mask of the Dragon {Will+ Slay+3 SInv}
   (You found it on level 12 of a ziggurat)

   Slay+3:    It affects your accuracy & damage with ranged weapons and melee
   (+3).
   Will+:     It increases your willpower.
   SInv:      It lets you see invisible.
 D - a +0 helmet of intelligence (worn)
 E - the +0 buckler of the Harvest (worn) {Rampage rPois Stlth+}
   (You found it on level 12 of a ziggurat)

   rPois:     It protects you from poison.
   Rampage:   It bestows one free step when moving towards enemies.
   Stlth+:    It makes you more stealthy.
 G - the +0 cloak of the Thief (worn) {Quiet Slay-3 SInv Stlth+}
   (You found it in a Gauntlet)

   Quiet:     All noise in your surroundings is dampened.
   Slay-3:    It affects your accuracy & damage with ranged weapons and melee
   (-3).
   SInv:      It lets you see invisible.
   Stlth+:    It makes you more stealthy.
 S - the +3 pair of mountain boots (melded) {steadfast, rC+}
   (You found it on level 23 of a ziggurat)

   Steadfast: It prevents involuntary movement, except for blinking,
   teleportation, or banishment.
   rC+:       It protects you from cold.
Magical Staves
 b - the staff "Cemme" {rF+ rC+ Fire}
   (You found it on level 26 of a ziggurat)

   [staff of fire]

   Base accuracy: +5 Base damage: 5 Base attack delay: 1.2 This weapon's minimum
   attack delay (0.6) is reached at skill level 12.
   rF+:       It protects you from fire.
   rC+:       It protects you from cold.
   Fire:      It increases the power of your Fire spells.
   It falls into the 'Staves' category.
   It is a one-handed weapon.
 M - the staff "Wiefuad" {rC+ Dex+3 Fire Ice}
   (You found it on level 23 of a ziggurat)

   [staff of cold]

   Base accuracy: +5 Base damage: 5 Base attack delay: 1.2 This weapon's minimum
   attack delay (0.6) is reached at skill level 12.
   Dex+3:     It affects your dexterity (+3).
   rC+:       It protects you from cold.
   Fire:      It increases the power of your Fire spells.
   Ice:       It increases the power of your Ice spells.
   It falls into the 'Staves' category.
   It is a one-handed weapon.
Jewellery
 f - an amulet of magic regeneration (around neck)
 r - the ring of Bobawn {Fly rF+ Slay+3 Stlth+}
   (You found it on level 13 of a ziggurat)

   [ring of flight]

   Slay+3:    It affects your accuracy & damage with ranged weapons and melee
   (+3).
   rF+:       It protects you from fire.
   Fly:       It grants you flight.
   Stlth+:    It makes you more stealthy.
 z - the ring of Zinei {rElec MP+9}
   (You found it on level 24 of a ziggurat)

   [ring of magical power]

   rElec:     It insulates you from electricity.
   MP+9:      It affects your magic capacity (+9).
 L - the ring of Impy {Int+5 SInv}
   (You found it on level 4 of the Depths)

   [ring of see invisible]

   Int+5:     It affects your intelligence (+5).
   SInv:      It lets you see invisible.
 R - the ring "Digulava" (right fist) {rPois rF+ EV+5 Int+3}
   (You found it on level 7 of a ziggurat)

   [ring of evasion]

   EV+5:      It affects your evasion (+5).
   Int+3:     It affects your intelligence (+3).
   rF+:       It protects you from fire.
   rPois:     It protects you from poison.
 T - the ring of Descent {Will+ rCorr Dex+3}
   (You found it on level 23 of a ziggurat)

   [ring of resist corrosion]

   Dex+3:     It affects your dexterity (+3).
   Will+:     It increases your willpower.
   rCorr:     It protects you from acid and corrosion.
 X - the ring of Cowublegu (left fist) {rC++ rCorr Str-2 Int+2 SInv}
   (You found it on level 15 of the Dungeon)

   [ring of see invisible]

   Str-2:     It affects your strength (-2).
   Int+2:     It affects your intelligence (+2).
   rC++:      It greatly protects you from cold.
   SInv:      It lets you see invisible.
   rCorr:     It protects you from acid and corrosion.
Talismans
 t - a granite talisman (active)
Wands
 l - a wand of acid (27) {@v1}
 x - a wand of warping (73)
 F - a wand of polymorph (15)
 H - a wand of mindburst (85)
 N - a wand of digging (28) {@v3}
Scrolls
 d - 8 scrolls of teleportation {@r3 !r}
 i - 3 scrolls of fear {!r}
 j - 5 scrolls of fog {!r}
 s - a scroll of summoning
 y - 5 scrolls of immolation
 B - 6 scrolls of poison
 I - a scroll of vulnerability
 O - 2 scrolls of enchant armour
Potions
 e - a potion of heal wounds {@q2 !q}
 g - 2 potions of magic
 k - 18 potions of curing {@q1 !q}
 m - 11 potions of lignification {@q6}
 o - 6 potions of brilliance
 u - 8 potions of haste {@q4 !q}
 v - 2 potions of enlightenment
 A - 3 potions of cancellation
 J - 3 potions of invisibility
 K - 2 potions of resistance
 P - 22 potions of mutation
 Y - 4 potions of ambrosia
Miscellaneous
 h - a tin of tremorstones (2/2)
 n - a lightning rod (4/4)
 w - a phantom mirror
 W - a box of beasts


   Skills:
 + Level 16.4 Fighting
 - Level 2.0 Armour
 - Level 8.0 Dodging
 - Level 3.0 Stealth
 - Level 16.0 Shields
 - Level 16.0 Spellcasting
 - Level 10.0 Conjurations
 - Level 4.0 Translocations
 - Level 21.0 Fire Magic
 O Level 27 Ice Magic
 - Level 7.0 Air Magic
 - Level 6.0 Earth Magic
 - Level 4.5 Alchemy
 - Level 8.0 Evocations
 - Level 16.0 Shapeshifting


You had 17 spell levels left.
You knew the following spells:

 Your Spells              Type           Power      Damage    Failure   Level
a - Ignition              Fire           59%        3d16      1%          8
b - Stone Arrow           Conj/Erth      100%       3d13      1%          3
c - Polar Vortex          Ice            65%        12d8*     1%          9
d - Plasma Beam           Fire/Air       49%        2x1d64    1%          6
f - Freezing Cloud        Conj/Ice/Air   50%        6-21      1%          5
g - Irradiate             Conj/Alch      38%        3d24      1%          5
p - Passwall              Erth           70%        N/A       1%          3
Y - Blink                 Tloc           100%       N/A       1%          2

Your spell library contained the following spells:

 Spells                   Type           Power      Damage    Failure   Level
 Foxfire                  Conj/Fire      100%       2x1d9     0%          1
 Freeze                   Ice            100%       1d10      0%          1
 Magic Dart               Conj           100%       1d8       0%          1
 Ensorcelled Hibernation  Hex/Ice        100%       N/A       0%          2
 Scorch                   Fire           100%       2d9       0%          2
 Frozen Ramparts          Ice            100%       1d16      0%          3
 Hailstorm                Conj/Ice       100%       3d16      0%          3
 Ozocubu's Armour         Ice            100%       N/A       0%          3
 Summon Ice Beast         Ice/Summ       98%        N/A       0%          3
 Volatile Blastmotes      Fire/Tloc      100%       2d18      0%          3
 Flame Wave               Conj/Fire      100%       2d21      0%          4
 Ozocubu's Refrigeration  Ice            65%        4d22      0%          7
 Apportation              Tloc           100%       N/A       1%          1
 Kiss of Death            Conj/Necr      100%       2d13      1%          1
 Necrotise                Necr           100%       1d9       1%          1
 Sandblast                Erth           100%       2d20      1%          1
 Shock                    Conj/Air       100%       1d9       1%          1
 Slow                     Hex            100%       N/A       1%          1
 Sting                    Conj/Alch      100%       1d9       1%          1
 Summon Small Mammal      Summ           100%       N/A       1%          1
 Call Imp                 Summ           66%        N/A       1%          2
 Cigotuvi's Dreadful Rot  Necr/Alch/Air  100%       N/A       1%          2
 Jinxbite                 Hex            66%        N/A       1%          2
 Lesser Beckoning         Tloc           100%       N/A       1%          2
 Mercury Vapours          Alch/Air       100%       N/A       1%          2
 Momentum Strike          Conj/Tloc      100%       3d10      1%          2
 Searing Ray              Conj           100%       2d8       1%          2
 Static Discharge         Conj/Air       100%       3-8/arc   1%          2
 Dazzling Flash           Conj/Hex       100%       N/A       1%          3
 Maxwell's Portable Pile  Tloc           60%        2d(11-31) 1%          3
 Mephitic Cloud           Conj/Alch/Air  75%        N/A       1%          3
 Swiftness                Air            74%        N/A       1%          3
 Teleport Other           Tloc           60%        N/A       1%          3
 Airstrike                Air            37%        2d(6-22)  1%          4
 Brom's Barrelling Bould  Conj/Erth      79%        2d9       1%          4
 Fulminant Prism          Conj/Alch      38%        3d17      1%          4
 Ignite Poison            Fire/Alch      96%        N/A       1%          4
 Iskenderun's Mystic Bla  Conj/Tloc      74%        2d15      (+2d81%     4
 Leda's Liquefaction      Alch/Erth      33%        N/A       1%          4
 Olgreb's Toxic Radiance  Alch           63%        N/A       1%          4
 Petrify                  Alch/Erth      67%        N/A       1%          4
 Sticky Flame             Fire/Alch      96%        2d14      1%          4
 Summon Blazeheart Golem  Fire/Summ      88%        N/A       1%          4
 Vhi's Electric Charge    Tloc/Air       100%       N/A       1%          4
 Fireball                 Conj/Fire      52%        3d20      1%          5
 Iskenderun's Battlesphe  Conj           86%        2d13      1%          5
 Metabolic Englaciation   Hex/Ice        49%        N/A       1%          5
 Permafrost Eruption      Ice/Erth       53%        2x4d12    1%          6
 Starburst                Conj/Fire      52%        6d14      1%          6
 Passage of Golubria      Tloc           60%        N/A       2%          4
 Summon Lightning Spire   Summ/Air       58%        N/A       2%          4
 Call Canine Familiar     Summ           33%        N/A       3%          3
 Confusing Touch          Hex            33%        N/A       3%          3
 Fugue of the Fallen      Necr           33%        N/A       3%          3
 Sigil of Binding         Hex            33%        N/A       3%          3
 Tukima's Dance           Hex            33%        N/A       3%          3
 Vampiric Draining        Necr           33%        2d8       3%          3
 Dimensional Bullseye     Hex/Tloc       24%        N/A       5%          4
 Conjure Ball Lightning   Conj/Air       40%        3x3d13    6%          6
 Bombard                  Conj/Erth      39%        9d7       8%          6
 Silence                  Hex/Air        29%        N/A       9%          5
 Borgnjor's Vile Clutch   Necr/Erth      27%        N/A       11%         5
 Anguish                  Hex/Necr       16%        N/A       13%         4
 Cause Fear               Hex            16%        N/A       13%         4
 Dispel Undead            Necr           33%        3d14      13%         4
 Martyr's Knell           Necr/Summ      33%        N/A       13%         4
 Yara's Violent Unravell  Hex/Alch       25%        3d11      16%         5
 Summon Forest            Summ/Tloc      24%        N/A       17%         5
 Orb of Destruction       Conj           43%        9d12      19%         7
 Eringya's Noxious Bog    Alch           31%        4d6       32%         6
 Curse of Agony           Necr           33%        N/A       36%         5
 Summon Mana Viper        Hex/Summ       33%        N/A       36%         5
 Dispersal                Tloc           30%        N/A       38%         6
 Gell's Gavotte           Tloc           30%        2d(25-37) 38%         6
 Magnavolt                Erth/Air       36%        3d18      63%         7
 Seismic Cannonade        Alch/Erth      33%        6d12      82%         7
 Spellforged Servitor     Conj/Summ      32%        N/A       85%         7
 Summon Cactus Giant      Summ           16%        N/A       92%         6
 Manifold Assault         Tloc           30%        N/A       94%         7
 Fire Storm               Conj/Fire      52%        8d13      95%         9
 Malign Gateway           Summ/Tloc      24%        N/A       99%         7
 Fulsome Fusillade        Conj/Alch      38%        (3-5)d12  99%         8
 Maxwell's Capacitive Co  Air            37%        ∞         99%         8
 Enfeeble                 Hex            16%        N/A       100%        7
 Haunt                    Necr/Summ      16%        N/A       100%        7
 Monstrous Menagerie      Summ           16%        N/A       100%        7
 Summon Hydra             Summ           16%        N/A       100%        7
 Discord                  Hex            16%        N/A       100%        8
 Disjunction              Tloc           30%        N/A       100%        8
 Infestation              Necr           16%        N/A       100%        8
 Summon Horrible Things   Summ           16%        N/A       100%        8
 Chain Lightning          Conj/Air       40%        3d54      100%        9
 Death's Door             Necr           16%        N/A       100%        9
 Dragon's Call            Summ           16%        N/A       100%        9
 Animate Dead             Necr           Unusable   N/A       N/A         4

Dungeon Overview and Level Annotations

Branches:
Dungeon (15/15)            Temple (1/1) D:5            Lair (5/5) D:11
 Shoals (4/4) Lair:2        Snake (4/4) Lair:2        Slime (0/5) Lair:5
    Orc (2/2) D:9             Elf (0/3) Orc:2        Vaults (4/5) D:13
  Crypt (0/3) Vaults:2     Depths (4/4) D:15         Bailey (visited)
 WizLab (visited)         Gauntlet (visited)
    Zot: Depths:4

Altars:
Ashenzari
Cheibriados
Dithmenos
Elyvilon
Fedhas
Gozag
Hepliaklqana
Kikubaaqudgha
Makhleb
Nemelex Xobeh
Okawaru
Qazlal
Ru
Sif Muna
Trog
Uskayaw
Vehumet
Wu Jian
Xom
Yredelemnul
Zin
The Shining One
Beogh
Jiyva

Shops:
D:4 ?   D:15 !   Orc:2 *!!!*   Shoals:2 [   Snake:4 *[*?![   Vaults:4 :
Depths:1 :*(   Depths:4 (

Portals:
Hell: Depths:1 Depths:2 Depths:3
Abyss: Depths:3
Pandemonium: Depths:2
Trove: D:10 (give +2 gold dragon scales)

Annotations:
D:4 1 runed translucent door, DimondSprtn's ghost, amateur CoHu
Shoals:2 1 runed translucent door, AwFulAwFulPlayer's ghost, journeyman DgHu
Snake:3 Agnes
Depths:3 1 runed translucent door, exclusions: obsidian statue and 2 orange crystal statues
Depths:4 1 transporter, Vv; Xtahua


Innate Abilities, Weirdness & Mutations

You are a living statue of rough stone.
Your actions are slow, but your melee attacks are powerful.
You are resistant to unholy torment.
Your maximum health is greatly increased.
Your equipment is partially melded.
You are immune to poison.
You regain HP and MP as you explore.
Your body sometimes deteriorates upon taking damage.
You are weak. (Str -2)
Potions are less effective at restoring your health.
Your spells are a little easier to cast, but a little less powerful.
You have hidden genetic defects.


Message History

Your demonspawn blood saint closely misses the Tzitzimitl.
The winds around you calm down.
You feel your willpower return.
The Tzitzimitl engulfs your demonspawn blood saint.
The Tzitzimitl drains your demonspawn blood saint's vigour!
Your demonspawn blood saint seems to slow down.
The Tzitzimitl bites your demonspawn blood saint.
Your demonspawn blood saint calls on the powers of chaos!
Your reaper seems to grow stronger.
Your chaos spawn suddenly seems more resistant.
The Tzitzimitl calls on the powers of darkness!
Your body is wracked with pain!
* * * LOW HITPOINT WARNING * * *
The Tzitzimitl barely misses your demonspawn blood saint.
The Tzitzimitl bites your demonspawn blood saint!
Your demonspawn blood saint calls on the powers of chaos!
Your demonspawn blood saint seems to speed up.
Your chaos spawn seems to grow stronger.
The Tzitzimitl closely misses your demonspawn blood saint.
The Tzitzimitl bites your demonspawn blood saint!
Your demonspawn blood saint hits the Tzitzimitl with a +0 quarterstaff.
The Tzitzimitl is engulfed in flames!
Casting: Polar Vortex (mildly dangerous; 1% risk of failure)
Confirm with . or Enter, or press ? or * to list all spells.
Casting: Ignition (mildly dangerous; 1% risk of failure)
Press: ? - help, Dir - look around, f - activate
Okay, then.
Casting: Ignition (mildly dangerous; 1% risk of failure)
Confirm with . or Enter, or press ? or * to list all spells.
You feel a surge of power!
A great freezing vortex appears and lifts you up.
The Tzitzimitl engulfs your demonspawn blood saint.
The Tzitzimitl drains your demonspawn blood saint's vigour!
Your demonspawn blood saint seems to slow down.
The Tzitzimitl bites your demonspawn blood saint!!
Your demonspawn blood saint dissolves into shadows!
The Hell Sentinel gestures at you. The iron shot hits you!!!
You die...
Your body crumbles into a pile of gold.

▓▓▓▓▓▓▓▓▓▓▓▓▓▓▓
..............▓
..........§§§§▓
..........§§§§▓
...........§§§▓
..........§§§I▓
▓...........§§§§▓
▓▓.........$2§§§1▓▓▓▓▓▓▓▓▓▓▓▓▓
......$....$6§§§§§§...........
...........12§4§§§§.$.........
.....$$$..$.§2§§§§§...........
........$$$.§§§§§§$.$.....//=)
....$$....$.§§§.§.$.......!)?|
.....$$...$.§..$.....$....:!))


You could see a Hell Sentinel (ally target), a Tzitzimitl (ally target), a
hellion (distracted), a friendly demonspawn blood saint (summoned, slow), a
friendly reaper (summoned, strong), a friendly blizzard demon (summoned, agile)
and a friendly chaos spawn (summoned, strong, resistant).

Vanquished Creatures
  2 pandemonium lords
  2 dread liches (Zig:11)
  2 shard shrikes
  3 Killer Klowns (Zig:12)
  Margery (Vaults:3)
  10 golden dragons
  3 bone dragons (Zig:25)
  A profane servitor (Zig:25)
  11 electric golems
  3 Tzitzimimeh (Zig:27)
  4 Brimstone Fiends (Zig:27)
  Rupert (D:14)
  An iron giant (Zig:27)
  A Hell Sentinel (Zig:27)
  A hellephant (Vaults:3)
  4 liches
  Jorgrun (D:12)
  4 tentacled monstrosities
  21 Ice Fiends
  14 titans
  A walking divine tome (Depths:4)
  A sphinx (shapeshifter) (Zig:12)
  A quicksilver dragon (Zig:25)
  3 sphinxes
  An Executioner (Zig:25)
  2 deep elf master archers (WizLab)
  2 krakens
  4 acid blobs
  3 ancient champions (Zig:19)
  10 tentacled starspawn
  2 shadow dragons (Zig:18)
  Donald (Orc:2)
  4 thorn hunters
  2 tengu reavers
  Roxanne (Shoals:1)
  13 nagarajas
  Ilsuiw (Shoals:2)
  A rockslime (Zig:10)
  Kirke (D:12)
  The ghost of Jais Joink the Severer, an adept FoFi of Okawaru (D:15)
  2 demonspawn warmongers (Zig:27)
  3 azure jellies
  8 revenants
  3 protean progenitors (Zig:12)
  A draconian monk (Zig:8)
  10 storm dragons
  A deep elf sorcerer (Vaults:1)
  23 narguns
  7 fire giants
  8 fenstrider witches
  A draconian shifter (Zig:8)
  4 frost giants
  8 cacodemons
  12 ghost moths
  13 vault wardens
  4 emperor scorpions (Zig:23)
  3 ghouls
  5 balrugs
  2 reapers
  3 orc warlords
  A draconian scorcher (Zig:8)
  A draconian stormcaller (Zig:8)
  A quicksilver ooze (Zig:10)
  4 demonspawn corrupters (Zig:27)
  A draconian annihilator (Zig:8)
  3 demonspawn blood saints (Zig:27)
  12 stone giants
  17 ironbound preservers
  6 broodmothers
  2 spriggan defenders (Depths:4)
  A formless jellyfish (Zig:10)
  17 ironbound thunderhulks
  3 demonspawn black suns (Zig:27)
  3 deep elf death magi
  20 very ugly things
  An eleionoma (shapeshifter) (Zig:12)
  4 vampire knights
  2 deep elf demonologists
  6 dire elephants
  6 eleionomae
  A minotaur (Gauntlet)
  A black draconian (Zig:8)
  2 yellow draconians
  5 bunyips
  13 spark wasps
  A red draconian (Zig:8)
  Azrael (Orc:2)
  21 wendigos
  A dire elephant (shapeshifter) (Zig:12)
  3 white draconians
  6 blizzard demons (Zig:27)
  3 lorocyprocas
  10 merfolk javelineers
  5 green deaths
  5 fire dragons
  11 ettins
  5 shambling mangroves
  9 entropy weavers
  5 eidola
  14 merfolk impalers
  2 deep elf high priests
  Josephine (D:13)
  2 ice dragons (Depths:2)
  6 yaktaur captains
  3 vault guards
  5 great orbs of eyes
  Erolcha (D:11)
  2 rakshasas
  14 salamander tyrants
  A spectral sphinx (D:15)
  A juggernaut simulacrum (Zig:21)
  Harold (D:10)
  2 catoblepae
  7 alligators
  The ghost of Buczixix the Hermetic, a journeyman MfAl of Gozag (Lair:1)
  3 ghost crabs
  3 hell beasts (Zig:27)
  4 ogre magi (Vaults:4)
  16 hydras
  14 spriggan air magi
  Erica (D:11)
  14 merfolk aquamancers
  8 merfolk avatars
  5 satyrs
  8 death knights
  3 boulder beetles
  5 ironbound frosthearts
  10 alligator snapping turtles
  21 anacondas
  9 two-headed ogres
  A spectral frost giant (D:15)
  6 deep troll shamans
  14 centaur warriors
  10 death yaks
  8 orc high priests
  4 vampire magi
  3 demonic crawlers (Zig:23)
  7 deep troll earth magi
  4 occultists (Depths:3)
  22 shock serpents
  2 tengu warriors
  20 hell knights
  9 spriggan berserkers
  4 sun demons
  7 naga warriors
  10 thrashing horrors
  17 naga sharpshooters
  A shock serpent (shapeshifter) (Zig:11)
  3 soul eaters
  Amaemon (Lair:1)
  4 skeletal warriors (D:15)
  5 skysharks
  A storm dragon skeleton (D:15)
  10 iron trolls
  4 shadow wraiths
  2 deep elf archers (WizLab)
  A goliath frog (Zig:20)
  3 pharaoh ants (Zig:23)
  60 deep trolls
  A bog body (Zig:15)
  9 wretched stars
  An orb spider (Zig:23)
  2 spriggan druids (Zig:20)
  2 spatial maelstroms (Zig:25)
  9 salamander mystics
  13 sea snakes
  2 flayed ghosts
  4 glowing orange brains
  13 mana vipers
  2 obsidian statues
  4 naga ritualists
  4 phantasmal warriors
  A shadow demon (Zig:27)
  13 lindwurms
  A sun moth (Zig:23)
  Pikel (D:6)
  2 orange crystal statues
  4 swamp dragons
  14 harpies
  8 arcanists
  3 obsidian bats (Zig:14)
  5 steelbarb worms (Zig:23)
  6 necromancers
  14 ironbound convokers
  A lindwurm (shapeshifter) (Zig:12)
  7 deep elf pyromancers
  16 orc knights
  33 ugly things
  12 wolf spiders (Zig:23)
  2 oklob plants
  3 orc sorcerers
  4 shining eyes
  3 cyclopes
  26 manticores
  22 salamanders
  14 fauns
  5 will-o-the-wisps
  An elephant (shapeshifter) (Depths:4)
  43 black mambas
  10 guardian serpents
  2 apocalypse crabs
  6 kobold blastminers
  18 merfolk sirens
  A rust devil (Zig:27)
  2 moths of wrath (Zig:23)
  3 ice statues (Zig:21)
  18 vault sentinels
  15 water nymphs
  2 eyes of devastation
  16 naga magi
  22 elephants
  A molten gargoyle (Gauntlet)
  14 cane toads
  14 smoke demons
  3 hellions
  A cane toad (shapeshifter) (D:13)
  4 orange demons
  8 large abominations
  8 torpor snails
  An unseen horror (D:12)
  4 gargoyles
  A rime drake (Lair:1)
  A kobold demonologist (D:9)
  2 efreet (D:13)
  An unseen horror (shapeshifter) (D:14)
  A tengu conjurer (Depths:1)
  7 freezing wraiths
  An ice devil (Zig:27)
  25 yaktaurs
  5 komodo dragons
  10 ancient zymes
  4 red devils (Zig:27)
  4 tormentors
  A silent spectre (Zig:16)
  2 queen bees
  5 polar bears
  8 trolls
  37 merfolk
  4 tyrant leeches
  A hellwing (Zig:25)
  2 bloated husks
  10 hornets
  5 raiju
  A polar bear (shapeshifter) (D:15)
  2 jumping spiders (Zig:23)
  A glass eye (Depths:4)
  17 wind drakes
  20 blink frogs
  4 tarantellas
  4 dream sheep (Lair:5)
  19 snapping turtles
  An iron dragon simulacrum (Zig:21)
  A stone giant simulacrum (D:15)
  4 spriggans
  A culicivora (shapeshifter) (D:14)
  5 shadows
  A glass eye (shapeshifter) (Depths:1)
  A ynoxinul (Zig:27)
  Sigmund (D:3)
  34 slime creatures
  A yak (shapeshifter) (D:15)
  38 yaks
  10 wraiths
  A spriggan zombie (D:15)
  4 vampires
  Grum (D:11)
  15 air elementals
  5 hogs (D:12)
  22 water elementals
  4 wyverns
  5 fire elementals (Orc:2)
  6 neqoxecs
  4 basilisks
  23 starcursed masses
  2 wargs
  5 vampire mosquitoes
  9 redbacks
  2 steam dragons
  Menkaure (D:7)
  21 nagas
  3 swamp worms (Gauntlet)
  2 acid dragons
  15 water moccasins
  2 hell hounds (Orc:2)
  42 orc warriors
  4 ice beasts
  3 sky beasts
  11 black bears
  A crocodile (shapeshifter) (D:15)
  A wolf (shapeshifter) (D:13)
  22 wolves
  8 boggarts
  15 centaurs
  11 ogres
  3 kobold brigands (D:9)
  Blork the orc (D:6)
  8 bullfrogs
  2 scorpions (D:4)
  2 tengu simulacra
  4 gnoll sergeants
  2 wights
  18 killer bees
  3 electric eels
  8 howler monkeys
  7 vampire bats (Bailey)
  5 wolf zombies (Bailey)
  3 bombardier beetles
  5 hounds
  A jelly (D:7)
  38 orc priests
  4 iguanas
  3 gnoll boudas
  Crazy Yiuf (D:7)
  Natasha (thrice) (D:2)
  A sleepcap (D:6)
  12 orc wizards
  6 hell rats (Lair:5)
  Robin (D:3)
  13 gnolls
  4 adders
  A shadow imp (D:6)
  A white imp (D:7)
  3 ufetubi
  2 dart slugs
  A ribbon worm (D:3)
  58 orcs
  2 bats
  6 endoplasms
  3 giant cockroaches
  26 goblins
  12 hobgoblins
  3 jackals (D:4)
  15 kobolds
  4 quokkas
  9 ball pythons
  6 frilled lizards
  24 orc zombies (Bailey)
  6 rats
  An aspiring flesh (Zig:12)
  5 starspawn tentacles
  A tentacle (Shoals:4)
2338 creatures vanquished.

Vanquished Creatures (collateral kills)
  3 Hell Sentinels (Zig:7)
  An ancient champion (Zig:7)
  3 quicksilver elementals (Zig:7)
  A sphinx zombie (D:15)
  A flayed ghost (D:15)
9 creatures vanquished.

Vanquished Creatures (others)
  The ghost of Hoiham the Axe Maniac, a legendary MiFi of Okawaru (Zig:18)
  2 shadow dragons
  A revenant (Zig:18)
  A fenstrider witch (Zig:15)
  A deep elf death mage (Zig:18)
  4 eidola (Zig:18)
  A green death (Zig:20)
  A ghost crab (Zig:18)
  A merfolk aquamancer (Zig:24)
  2 soul eaters (Zig:18)
  A phantasmal warrior (Zig:18)
  An orange crystal statue (Zig:18)
  A bloated husk (Zig:15)
  4 ball lightnings
  4 foxfires (Zig:15)
  3 starspawn tentacles
  7 tentacles
36 creatures vanquished.

Grand Total: 2383 creatures vanquished

Notes
Turn   | Place    | Note
-------+----------+-------------------------------------------
     0 | D:1      | zewo the Human Earth Elementalist began the quest for the
                  | Orb.
     0 | D:1      | Reached XP level 1. HP: 13/13 MP: 3/3
   424 | D:1      | Reached XP level 2. HP: 19/19 MP: 3/5
   886 | D:1      | Reached XP level 3. HP: 24/24 MP: 3/6
  1530 | D:2      | Noticed Natasha
  1813 | D:2      | Killed Natasha
  1814 | D:2      | Reached XP level 4. HP: 24/30 MP: 4/8
  1822 | D:2      | Noticed Natasha
  1824 | D:2      | Killed Natasha
  1994 | D:2      | Noticed Natasha
  1999 | D:2      | Killed Natasha
  2000 | D:2      | Reached XP level 5. HP: 24/35 MP: 6/10
  2205 | D:3      | Found a sparkling altar of Nemelex Xobeh.
  2329 | D:3      | Found a faded altar of an unknown god.
  2357 | D:3      | Found a hazy altar of Hepliaklqana.
  2410 | D:3      | Noticed Robin
  2476 | D:3      | Killed Robin
  2573 | D:3      | Found an ornate altar of the Wu Jian Council.
  2739 | D:3      | Identified the +3 leather armour of Hepliaklqana {rPois
                  | MP+9 Int-2 SInv}
  2917 | D:3      | Learned a level 3 spell: Passwall
  2921 | D:3      | Learned a level 3 spell: Stone Arrow
  2924 | D:3      | Learned a level 2 spell: Blink
  2949 | D:3      | Noticed a moth of wrath
  2954 | D:3      | Found a bloodstained altar of Trog.
  3161 | D:3      | Noticed Sigmund
  3165 | D:3      | Killed Sigmund
  3166 | D:3      | Reached skill level 5 in Earth Magic
  3166 | D:3      | Reached skill level 1 in Evocations
  3166 | D:3      | Reached XP level 6. HP: 29/41 MP: 12/12
  3404 | D:4      | Found a blossoming altar of Fedhas.
  3692 | D:4      | Found a runed translucent door.
  3712 | D:4      | Noticed a black bear
  3731 | D:4      | Killed a black bear
  3732 | D:4      | Reached XP level 7. HP: 39/46 MP: 13/13
  3919 | D:4      | Found Wicon's Magic Scroll Emporium.
  3922 | D:4      | Bought a scroll of fear for 40 gold pieces
  4185 | D:4      | Noticed DimondSprtn's ghost (amateur CoHu)
  4318 | D:4      | Found a radiant altar of Vehumet.
  4350 | D:4      | Became a worshipper of Vehumet
  4371 | D:4      | Found a broken altar of Ashenzari.
  4443 | D:5      | Entered Level 5 of the Dungeon
  4742 | D:5      | Reached skill level 5 in Spellcasting
  4742 | D:5      | Reached XP level 8. HP: 52/52 MP: 15/15
  4851 | D:5      | Found a staircase to the Ecumenical Temple.
  4871 | Temple   | Entered the Ecumenical Temple
  5040 | D:5      | Found a sacrificial altar of Ru.
  5366 | D:5      | Found an iron altar of Okawaru.
  5520 | D:6      | Reached skill level 5 in Conjurations
  5796 | D:6      | Found an opulent altar of Gozag.
  5816 | D:6      | Noticed Blork the orc
  5821 | D:6      | Killed Blork the orc
  5822 | D:6      | Reached XP level 9. HP: 57/57 MP: 18/18
  5891 | D:6      | Reached * piety under Vehumet
  5891 | D:6      | Offered knowledge of Freeze by Vehumet.
  5962 | D:6      | Noticed Pikel
  5969 | D:6      | Killed Pikel
  6478 | D:7      | Reached skill level 1 in Shields
  6490 | D:7      | Found a basalt altar of Yredelemnul.
  6517 | D:7      | Found a runed translucent door.
  6518 | D:7      | Noticed Crazy Yiuf
  6798 | D:7      | Noticed Menkaure
  6800 | D:7      | Killed Menkaure
  6884 | D:7      | Found a snail-covered altar of Cheibriados.
  7135 | D:7      | Reached XP level 10. HP: 63/63 MP: 21/22
  7262 | D:7      | Offered knowledge of Sting by Vehumet.
  7279 | D:7      | Reached ** piety under Vehumet
  7363 | D:7      | Killed Crazy Yiuf
  7626 | D:8      | Found a shadowy altar of Dithmenos.
  7946 | D:8      | Reached skill level 5 in Shields
  8406 | D:9      | Found a staircase to the Orcish Mines.
  8703 | D:9      | Noticed a kobold demonologist
  8719 | D:9      | Reached skill level 1 in Fighting
  8723 | D:9      | Reached skill level 1 in Armour
  8873 | D:9      | Offered knowledge of Searing Ray by Vehumet.
  8891 | D:9      | Reached XP level 11. HP: 68/72 MP: 4/24
  8977 | D:9      | Reached *** piety under Vehumet
  9010 | D:9      | Found a flagged portal.
  9020 | Bailey   | Entered a bailey
  9079 | Bailey   | Identified the +2 leather armour "Xogrios" {MP+9 Str-3
                  | Int+4}
  9167 | Bailey   | Learned a level 5 spell: Freezing Cloud
  9182 | Bailey   | Offered knowledge of Flame Wave by Vehumet.
  9545 | Bailey   | Reached skill level 1 in Air Magic
  9563 | Bailey   | Reached skill level 1 in Ice Magic
  9810 | D:9      | Reached **** piety under Vehumet
 10166 | D:9      | Noticed a two-headed ogre
 10171 | D:9      | Killed a two-headed ogre
 10172 | D:9      | Reached skill level 2 in Ice Magic
 10297 | D:9      | Found a stormy altar of Qazlal.
 10423 | D:9      | Found a shimmering blue altar of Sif Muna.
 10641 | D:10     | Entered Level 10 of the Dungeon
 10641 | D:10     | Noticed Harold
 10686 | D:10     | Offered knowledge of Volatile Blastmotes by Vehumet.
 10858 | D:10     | Found the +8 Vampire's Tooth {megavamp}
 10981 | D:10     | Reached skill level 10 in Conjurations
 11111 | D:10     | Found a portal to a secret trove of treasure.
 11176 | D:10     | Reached skill level 10 in Spellcasting
 11449 | D:10     | Reached skill level 3 in Ice Magic
 11542 | D:10     | Found a glowing silver altar of Zin.
 11675 | D:10     | Reached skill level 5 in Dodging
 11838 | D:10     | Killed Harold
 11934 | D:11     | Reached skill level 5 in Fighting
 11934 | D:11     | Reached XP level 12. HP: 86/86 MP: 22/26
 12035 | D:11     | Noticed a boulder beetle
 12663 | D:11     | Noticed Grum
 12678 | D:11     | Reached ***** piety under Vehumet
 12787 | D:11     | Reached skill level 4 in Ice Magic
 12787 | D:11     | Killed Grum
 12866 | D:11     | Found a staircase to the Lair.
 12875 | Lair:1   | Entered Level 1 of the Lair of Beasts
 12904 | Lair:1   | Found a transporter.
 12905 | Lair:1   | Noticed a skyshark
 12908 | Lair:1   | Noticed Buczixix's ghost (journeyman MfAl)
 12927 | Lair:1   | Noticed a five-headed hydra
 12935 | Lair:1   | Killed a five-headed hydra
 12935 | Lair:1   | Offered knowledge of Magnavolt by Vehumet.
 12979 | Lair:1   | Found a transporter.
 13154 | Lair:1   | Noticed Amaemon
 13159 | Lair:1   | Killed Amaemon
 13417 | Lair:1   | Reached skill level 5 in Ice Magic
 13839 | Lair:1   | Reached skill level 6 in Ice Magic
 14193 | Lair:2   | Noticed a death yak
 14215 | Lair:2   | Killed a death yak
 14216 | Lair:2   | Reached skill level 1 in Translocations
 14346 | Lair:2   | Noticed a boulder beetle
 14356 | Lair:2   | Killed a boulder beetle
 14458 | Lair:2   | Reached XP level 13. HP: 98/98 MP: 27/27
 14720 | Lair:2   | Found a staircase to the Snake Pit.
 14809 | Lair:2   | Reached skill level 7 in Ice Magic
 15056 | Lair:2   | Found a staircase to the Shoals.
 15393 | Lair:3   | Reached skill level 8 in Ice Magic
 16610 | Lair:4   | Reached skill level 10 in Fighting
 16795 | Lair:4   | Reached skill level 9 in Ice Magic
 17292 | Lair:4   | Reached skill level 10 in Ice Magic
 17443 | Lair:5   | Entered Level 5 of the Lair of Beasts
 17529 | Lair:4   | Reached skill level 1 in Fire Magic
 17842 | Lair:5   | Reached XP level 14. HP: 110/110 MP: 22/28
 18231 | Lair:5   | Offered knowledge of Starburst by Vehumet.
 18247 | Lair:5   | Reached skill level 5 in Fire Magic
 18385 | Lair:5   | Found a viscous altar of Jiyva.
 18385 | Lair:5   | Found a staircase to the Slime Pits.
 19435 | Lair:5   | Identified the +0 cloak of the Glowing Gods {+Blink Str+3}
 19899 | D:11     | Noticed Erica
 19904 | D:11     | Killed Erica
 20012 | D:11     | Noticed Erolcha
 20091 | D:12     | Noticed Kirke
 20104 | D:12     | Noticed a sphinx
 20105 | D:12     | Killed Kirke
 20222 | D:12     | Reached XP level 15. HP: 115/115 MP: 31/31
 20238 | D:12     | Noticed Jorgrun
 20706 | D:12     | Killed Jorgrun
 21716 | D:13     | Reached skill level 5 in Evocations
 21820 | D:13     | Found a gate to the Vaults.
 21861 | D:13     | You fall into a shaft and drop 2 floors!
 21861 | D:15     | Entered Level 15 of the Dungeon
 21899 | D:15     | Identified the +4 trident of Anguish {speed, rPois MP+9
                  | Dex+4}
 21915 | D:15     | Found Xegusiug's Distillery.
 21917 | D:15     | Found a gate leading to a gauntlet.
 21922 | D:15     | Bought a potion of brilliance for 52 gold pieces
 21922 | D:15     | Bought a potion of heal wounds for 65 gold pieces
 21922 | D:15     | Bought a potion of lignification for 39 gold pieces
 21939 | Gauntlet | Entered a Gauntlet
 21939 | Gauntlet | Found a transporter.
 21939 | Gauntlet | Found a transporter.
 21948 | Gauntlet | Found a transporter.
 21951 | Gauntlet | Found a transporter.
 21963 | Gauntlet | Found a transporter.
 21964 | Gauntlet | Found a transporter.
 21976 | Gauntlet | Found a transporter.
 21987 | Gauntlet | Found a transporter.
 22001 | Gauntlet | Found a transporter.
 22005 | Gauntlet | Found a transporter.
 22009 | Gauntlet | Found a runed translucent door.
 22009 | Gauntlet | Found a runed translucent door.
 22013 | Gauntlet | Found a transporter.
 22017 | Gauntlet | Found a transporter.
 22567 | Gauntlet | Found the +0 cloak of the Thief {Quiet Slay-3 SInv Stlth+}
 22572 | Gauntlet | Offered knowledge of Lee's Rapid Deconstruction by Vehumet.
 22634 | Gauntlet | Identified the +0 morningstar of the Pyrrhic Victory
                  | {heavy, *Rage rCorr Stlth+}
 22649 | Gauntlet | Identified a ring "Ucayqakk" {^Drain rF+ rC- rN+ Dex+8}
 23231 | D:15     | Found a white marble altar of Elyvilon.
 23247 | D:15     | Reached skill level 10 in Fire Magic
 23535 | D:15     | Found a staircase to the Depths.
 23748 | D:15     | Found a transporter.
 23926 | D:15     | Noticed Jais Joink's ghost (adept FoFi)
 23931 | D:15     | Found a transporter.
 24385 | D:13     | Found an opulent altar of Gozag.
 24431 | D:13     | Noticed Josephine
 24439 | D:13     | Killed Josephine
 24520 | D:13     | Reached ****** piety under Vehumet
 25014 | D:14     | Reached XP level 16. HP: 122/122 MP: 31/33
 25279 | D:14     | Noticed Rupert
 25289 | D:14     | Killed Rupert
 25888 | Orc:1    | Entered Level 1 of the Orcish Mines
 25888 | Orc:1    | Found a roughly hewn altar of Beogh.
 26164 | Orc:2    | Entered Level 2 of the Orcish Mines
 26221 | Orc:2    | Offered knowledge of Permafrost Eruption by Vehumet.
 26276 | Orc:2    | Found a bloodstained altar of Trog.
 26290 | Orc:2    | Noticed Donald
 26306 | Orc:2    | Killed Donald
 26334 | Orc:2    | Found a staircase to the Elven Halls.
 26744 | Orc:2    | Noticed Azrael
 26749 | Orc:2    | Killed Azrael
 27033 | Orc:2    | Found Turamu Ydghe's Gadget Gallery.
 27592 | Orc:2    | Reached skill level 11 in Ice Magic
 27760 | Orc:2    | Found Idwoniep's Distillery.
 27763 | Orc:2    | Found Ralaenox's Distillery.
 27764 | Orc:2    | Found Kuar's General Store.
 27765 | Orc:2    | Found Loxej's Distillery.
 27774 | Orc:2    | Bought a potion of haste for 120 gold pieces
 27774 | Orc:2    | Bought a potion of magic for 96 gold pieces
 27777 | Orc:2    | Bought a scroll of identify for 30 gold pieces
 27800 | Orc:2    | Bought a potion of enlightenment for 75 gold pieces
 27804 | Orc:2    | Bought a potion of resistance for 150 gold pieces
 27981 | Snake:1  | Entered Level 1 of the Snake Pit
 28095 | Snake:1  | Offered knowledge of Plasma Beam by Vehumet.
 28114 | Snake:1  | Learned a level 6 spell: Plasma Beam
 28130 | Snake:1  | Found an opulent altar of Gozag.
 28847 | Snake:2  | Noticed a nagaraja
 28853 | Snake:2  | Killed a nagaraja
 29274 | Snake:2  | Got the Anthology of Combined Ensorcelling
 29475 | Snake:2  | Reached skill level 5 in Air Magic
 29515 | Snake:2  | Reached XP level 17. HP: 128/128 MP: 35/35
 29789 | Snake:2  | Reached skill level 12 in Ice Magic
 30884 | Snake:3  | Noticed Agnes
 31274 | Snake:4  | Entered Level 4 of the Snake Pit
 31283 | Snake:4  | Found Puenuwytsu's Antique Armour Boutique.
 31455 | Snake:4  | Offered knowledge of Spellforged Servitor by Vehumet.
 32271 | Snake:4  | Found Keps's Assorted Antiques.
 32271 | Snake:4  | Found Iri Todi's Armour Emporium.
 32383 | Snake:4  | Found Utont's General Store.
 32386 | Snake:4  | Found Erghega's Magic Scroll Emporium.
 32386 | Snake:4  | Found Fuj Sul's Distillery.
 32407 | Snake:4  | Bought a scroll of teleportation for 51 gold pieces
 32761 | Snake:4  | Reached skill level 13 in Ice Magic
 33682 | Snake:4  | Reached skill level 14 in Ice Magic
 34067 | Snake:4  | Reached XP level 18. HP: 134/134 MP: 34/36
 34231 | Snake:4  | Reached skill level 15 in Fire Magic
 34356 | Snake:4  | Got a serpentine rune of Zot
 34578 | Shoals:1 | Entered Level 1 of the Shoals
 34857 | Shoals:1 | Noticed Roxanne
 35343 | Shoals:1 | Offered knowledge of Ignition by Vehumet.
 35353 | Shoals:1 | Learned a level 8 spell: Ignition
 35611 | Shoals:2 | Noticed Ilsuiw
 35611 | Shoals:2 | Found Rimo's Antique Armour Emporium.
 35831 | Shoals:1 | Killed Roxanne
 36543 | Shoals:2 | Identified the +2 leather armour of Zomiplu {Int-3 Dex+4
                  | Stlth+}
 36547 | Shoals:2 | Found a runed translucent door.
 36548 | Shoals:2 | Noticed AwFulAwFulPlayer's ghost (journeyman DgHu)
 36903 | Shoals:3 | Found a transporter.
 36999 | Shoals:3 | Found a transporter.
 37532 | Shoals:3 | Found a glowing golden altar of the Shining One.
 37803 | Shoals:4 | Entered Level 4 of the Shoals
 38733 | Shoals:4 | Got the Codex of the Furrier
 38785 | Shoals:4 | HP: 5/134 [merfolk aquamancer/torrent of water (39)]
 39208 | Shoals:4 | Got a barnacled rune of Zot
 39282 | Shoals:4 | Found a runed translucent door.
 39475 | Shoals:4 | Reached XP level 19. HP: 138/140 MP: 31/37
 39648 | Shoals:4 | Offered knowledge of Fire Storm by Vehumet.
 39648 | Shoals:4 | Offered knowledge of Shatter by Vehumet.
 39648 | Shoals:4 | Offered knowledge of Polar Vortex by Vehumet.
 39659 | Shoals:4 | Learned a level 9 spell: Polar Vortex
 40178 | Lair:1   | Identified a scroll of acquirement
 40191 | Lair:1   | Killed Buczixix's ghost
 40718 | Shoals:3 | Identified the ring of Amoijy {*Slow rF- rC+++ Dex+6 SInv}
 40735 | Shoals:3 | Identified the +4 battleaxe "Paetait" {flame, Fly rCorr
                  | Dex-5 SInv}
 40737 | Shoals:3 | Identified the +0 troll leather armour "Viwuics" {Regen+
                  | SInv}
 41022 | Vaults:1 | Entered Level 1 of the Vaults
 42216 | Shoals:2 | Killed Ilsuiw
 44374 | Vaults:1 | Identified the +6 long sword of Daokemeg {flame, rElec rC+
                  | rN+}
 44453 | Vaults:1 | Acquired 924 gold pieces
 44582 | Vaults:2 | Reached skill level 15 in Spellcasting
 45237 | Vaults:2 | Reached XP level 20. HP: 140/147 MP: 10/39
 45495 | Vaults:2 | Found a staircase to the Crypt.
 47990 | Vaults:3 | You fall into a shaft and drop 1 floor!
 48518 | Vaults:4 | Reached skill level 15 in Ice Magic
 49291 | Vaults:4 | Reached skill level 16 in Ice Magic
 49806 | Vaults:4 | Found Ziovof's Book Shoppe.
 49977 | Vaults:4 | Reached XP level 21. HP: 153/153 MP: 32/41
 50276 | Vaults:4 | Identified the +1 scale mail "Zaem" {Rampage Dex+2}
 50728 | Vaults:3 | Reached skill level 17 in Ice Magic
 50849 | Vaults:3 | Noticed Margery
 51312 | Vaults:3 | Killed Margery
 52006 | Vaults:1 | Reached skill level 1 in Shapeshifting
 52102 | Depths:1 | Entered Level 1 of the Depths
 52365 | D:15     | Killed Jais Joink's ghost
 52371 | D:15     | Identified the ring of Cowublegu {rC++ rCorr Str-2 Int+2
                  | SInv}
 53547 | Depths:1 | Found Xedghof's Antique Weapon Shoppe.
 53552 | Depths:1 | Found Beoskux's General Store.
 53560 | Depths:1 | Bought a potion of heal wounds for 85 gold pieces
 53593 | Depths:1 | Reached skill level 5 in Shapeshifting
 53955 | Depths:1 | Identified the blade talisman "Hoduol" {rPois rN+ SInv}
 55078 | Depths:1 | Found Fuellaw's Self-Improvement Boutique.
 55219 | Depths:1 | Found a one-way gateway to a ziggurat.
 55885 | Depths:1 | Found a gateway to Hell.
 56140 | Depths:2 | Found a one-way gate leading to the halls of Pandemonium.
 56276 | Depths:2 | Reached skill level 10 in Shapeshifting
 56316 | Depths:2 | Found a flickering gateway to a bazaar.
 56329 | Bazaar   | Entered a bazaar
 56332 | Bazaar   | Found Zarahi's Distillery.
 56338 | Bazaar   | Bought a potion of heal wounds for 35 gold pieces
 56338 | Bazaar   | Bought a potion of enlightenment for 35 gold pieces
 56338 | Bazaar   | Bought a potion of mutation for 56 gold pieces
 56338 | Bazaar   | Bought 2 potions of mutation for 112 gold pieces
 56340 | Bazaar   | Found Voor's Assorted Antiques.
 56350 | Bazaar   | Found Qeahatuj's Antique Armour Shoppe.
 56350 | Bazaar   | Found Mylos's Weapon Shop.
 56359 | Bazaar   | Found Ruqun's General Store.
 56367 | Bazaar   | Bought a potion of cancellation for 64 gold pieces
 56367 | Bazaar   | Bought a scroll of enchant armour for 60 gold pieces
 56411 | Depths:2 | Reached XP level 22. HP: 111/159 MP: 22/42
 56486 | Depths:2 | Found a magical portal.
 56494 | WizLab   | Entered Eringya's Formal Garden
 57250 | WizLab   | Found a blossoming altar of Fedhas.
 57454 | WizLab   | Got Eringya's Omnibus of the Ouroboros
 57960 | Depths:2 | Found a hide-covered altar of Uskayaw.
 59182 | Depths:3 | Found a one-way gate to the infinite horrors of the Abyss.
 59365 | Depths:3 | Found an ancient bone altar of Kikubaaqudgha.
 59932 | Depths:3 | Noticed a golden dragon
 59941 | Depths:3 | Killed a golden dragon
 60184 | Depths:3 | Found the ring of the Mage {Wiz Archmagi}
 60258 | Depths:3 | Found a runed translucent door.
 61109 | Depths:4 | Entered Level 4 of the Depths
 61450 | Depths:4 | Noticed Vv
 61454 | Depths:4 | Identified the +1 flail of Coos {drain, rN+ SInv}
 61581 | Depths:4 | Noticed a golden dragon
 61590 | Depths:4 | Killed a golden dragon
 61712 | Depths:4 | Reached skill level 15 in Shapeshifting
 61730 | Depths:4 | Identified the ring of Impy {Int+5 SInv}
 61817 | Depths:4 | Found Raasmy's Weapon Shoppe.
 61817 | Depths:4 | Found a transporter.
 61846 | Depths:4 | Noticed Xtahua
 61861 | Depths:4 | Reached XP level 23. HP: 108/165 MP: 16/43
 61862 | Depths:4 | Paralysed by Xtahua for 2 turns
 62298 | D:13     | Fell from the grace of Vehumet
 62298 | D:13     | Became a worshipper of Gozag Ym Sagoz the Greedy
 62454 | Orc:2    | Bought a potion of haste for 120 gold pieces
 62454 | Orc:2    | Bought a potion of haste for 120 gold pieces
 62454 | Orc:2    | Bought a potion of haste for 120 gold pieces
 62454 | Orc:2    | Bought a potion of brilliance for 48 gold pieces
 62711 | Snake:4  | Bought a scroll of fog for 56 gold pieces
 62711 | Snake:4  | Bought a scroll of fog for 56 gold pieces
 62716 | Snake:4  | Bought a potion of enlightenment for 100 gold pieces
 62716 | Snake:4  | Bought a potion of heal wounds for 100 gold pieces
 62716 | Snake:4  | Bought a potion of resistance for 200 gold pieces
 62716 | Snake:4  | Bought a potion of heal wounds for 100 gold pieces
 62864 | D:11     | Killed Erolcha
 63083 | Zig:1    | Entered Level 1 of a ziggurat
 63109 | Zig:2    | Entered Level 2 of a ziggurat
 63147 | Zig:3    | Entered Level 3 of a ziggurat
 63172 | Zig:3    | Reached XP level 24. HP: 172/172 MP: 43/43
 63174 | Zig:4    | Entered Level 4 of a ziggurat
 63189 | Zig:4    | Identified the +9 shortbow "Jypowucsu" {elec, Dex+3}
 63214 | Zig:5    | Entered Level 5 of a ziggurat
 63231 | Zig:5    | Noticed an ancient lich
 63231 | Zig:5    | Noticed an ancient lich
 63240 | Zig:5    | Noticed an ancient lich
 63249 | Zig:6    | Entered Level 6 of a ziggurat
 63310 | Zig:6    | Identified the +6 scale mail of Necylios {rC+}
 63314 | Zig:7    | Entered Level 7 of a ziggurat
 63351 | Zig:7    | Identified the ring "Digulava" {rPois rF+ EV+5 Int+3}
 63357 | Zig:7    | Got the Directory of the Voltaic Hornet
 63471 | Zig:8    | Entered Level 8 of a ziggurat
 63479 | Zig:8    | Found the +8 storm bow {elec, penet}
 63538 | Zig:8    | Got the Directory of the Glowing Zephyr
 63548 | Zig:8    | Identified the +8 double sword "Ukia" {elec, rPois rN+
                  | Int-4}
 63599 | Zig:9    | Entered Level 9 of a ziggurat
 63678 | Zig:9    | Got the Annotations on the Polluted Throng
 63698 | Zig:10   | Entered Level 10 of a ziggurat
 63713 | Zig:10   | Reached skill level 10 in Shields
 63724 | Zig:10   | Found the +5 glaive of the Guard {elec, spectral}
 63972 | Zig:10   | Identified the +11 flail of Wrath {venom, rPois Int-5
                  | Dex+6}
 63979 | Zig:11   | Entered Level 11 of a ziggurat
 63991 | Zig:11   | Noticed a dread lich
 63991 | Zig:11   | Noticed a dread lich
 63993 | Zig:11   | Killed a dread lich
 63995 | Zig:11   | Killed a dread lich
 64077 | Zig:11   | Identified the +1 sling of Ralonoasez {drain, *Corrode
                  | rPois rF+ Stlth+}
 64082 | Zig:11   | Got the Anthology of the Barrage
 64085 | Zig:11   | Identified the staff of Disharmony {rElec Dex+4 Air}
 64093 | Zig:11   | Identified the +1 long sword of Agony {heavy, +Blink rN+}
 64095 | Zig:11   | Identified the +4 rapier "Zuhed" {chaos, Will+ MP+9 Dex+7}
 64157 | Zig:12   | Entered Level 12 of a ziggurat
 64232 | Zig:12   | Noticed a Killer Klown
 64233 | Zig:12   | Noticed a Killer Klown
 64233 | Zig:12   | Noticed a Killer Klown
 64234 | Zig:12   | Noticed Ocihe the pandemonium lord
 64235 | Zig:12   | Killed a Killer Klown
 64235 | Zig:12   | Killed a Killer Klown
 64240 | Zig:12   | Killed Ocihe the pandemonium lord
 64242 | Zig:12   | Killed a Killer Klown
 64246 | Zig:12   | Found the +0 mask of the Dragon {Will+ Slay+3 SInv}
 64301 | Zig:12   | Identified the +7 scimitar of the Well-Known Lies {speed,
                  | Str+3 Dex+2}
 64327 | Zig:12   | Identified the +0 buckler of the Harvest {Rampage rPois
                  | Stlth+}
 64424 | Zig:13   | Entered Level 13 of a ziggurat
 64444 | Zig:13   | Reached XP level 25. HP: 157/177 MP: 22/43
 64450 | Zig:13   | Found the +18 shield of the Gong {Loud rN+ Will+ rCorr
                  | EV-5}
 64450 | Zig:13   | Found the +5 demon whip "Spellbinder" {antimagic, disrupt,
                  | Will+}
 64602 | Zig:13   | Identified the ring of Bobawn {Fly rF+ Slay+3 Stlth+}
 64622 | Zig:13   | Identified the +8 spear "Vetu" {heavy, ^Contam rElec Str+5}
 64732 | Zig:13   | Identified the +11 arbalest "Bemoffih" {heavy, rElec Int+5
                  | Dex-3}
 64770 | Zig:14   | Entered Level 14 of a ziggurat
 64827 | Zig:14   | Reached skill level 15 in Shields
 64974 | Zig:14   | Found the +4 robe of Folly {Brill Will-∞ Int+8}
 65033 | Zig:14   | Identified the +7 quarterstaff of the Kidney {freeze, rCorr
                  | Dex+2}
 65038 | Zig:14   | Identified the +0 pair of boots "Ylydar" {Harm rC- Str+4
                  | SInv}
 65047 | Zig:14   | Identified the +3 troll leather armour of the Lost Hells
                  | {rF+ rC+ Regen+ Str+2}
 65166 | Zig:15   | Entered Level 15 of a ziggurat
 65289 | Zig:15   | Identified the +4 demon trident "Xufomu" {heavy, rElec rN+
                  | Dex-3}
 65300 | Zig:15   | Identified the +8 morningstar "Femaymos" {spect, rC+
                  | Stlth+}
 65312 | Zig:15   | Identified the +7 plate armour "Upte" {Will++}
 65335 | Zig:16   | Entered Level 16 of a ziggurat
 65370 | Zig:16   | Noticed an ancient lich
 65373 | Zig:16   | Found the +3 robe of Clouds {*Thunder rCloud rElec}
 65373 | Zig:16   | Found the +10 zealot's sword {holy, Zealotry, *Rage rN+
                  | EV+3}
 65373 | Zig:16   | Found the +9 sword of Power {lifebolt}
 65384 | Zig:16   | Reached skill level 18 in Ice Magic
 65389 | Zig:17   | Entered Level 17 of a ziggurat
 65467 | Zig:17   | Identified the staff of Foul Odours {rF+ Str+2 Int+7 Fire}
 65468 | Zig:17   | Identified the +10 scimitar "Keuburoe" {speed, rPois Int+2}
 65477 | Zig:17   | Identified the staff of a wizard's laboratory {Int+4 Conj}
 65486 | Zig:17   | Identified the +4 rapier "Uzxatsow" {elec, rElec Will+}
 65526 | Zig:17   | Reached skill level 19 in Ice Magic
 65542 | Zig:17   | Identified the amulet of Ephemeral Luck {Fly Regen+ Dex+4
                  | Slay-3}
 65639 | Zig:17   | Identified a ring of Gozag's Vengeance {rN+ rCorr MP-9
                  | Int+2}
 65842 | Zig:17   | Learned a level 5 spell: Irradiate
 65869 | Zig:18   | Entered Level 18 of a ziggurat
 65880 | Zig:18   | Noticed Suwusiqo's ghost (legendary DjCj)
 65900 | Zig:18   | Noticed BubbleThief's ghost (legendary NaAl)
 65900 | Zig:18   | Noticed ShinQuickMan's ghost (legendary HuCj)
 65900 | Zig:18   | Noticed Oxtuo's ghost (legendary DECj)
 65900 | Zig:18   | Noticed Ging's ghost (legendary OnFi)
 65900 | Zig:18   | Noticed Hoiham's ghost (legendary MiFi)
 65904 | Zig:18   | Noticed Quogoet's ghost (legendary OpSh)
 65909 | Zig:18   | Reached skill level 1 in Alchemy
 65909 | Zig:18   | Killed Hoiham's ghost
 65911 | Zig:18   | HP: 9/227 [Quogoet's ghost (7)]
 65957 | Zig:18   | Noticed Suwusiqo's ghost (legendary DjCj)
 65960 | Zig:18   | Noticed Pixogrep's ghost (legendary OpCj)
 65961 | Zig:18   | Noticed Ometuamn's ghost (legendary OnSh)
 65966 | Zig:18   | Noticed Hoiham's ghost (legendary MiFi)
 65970 | Zig:18   | Identified the +3 broad axe of Death {freeze, MP+9}
 65975 | Zig:19   | Entered Level 19 of a ziggurat
 66023 | Zig:19   | Noticed a dread lich
 66026 | Zig:19   | Noticed a dread lich
 66032 | Zig:19   | Noticed an ancient lich
 66057 | Zig:19   | Reached XP level 26. HP: 143/184 MP: 18/43
 66061 | Zig:20   | Entered Level 20 of a ziggurat
 66095 | Zig:20   | Reached skill level 20 in Ice Magic
 66127 | Zig:20   | Reached skill level 21 in Ice Magic
 66438 | Zig:20   | Identified the +3 morningstar of Lumaruas {flame, Will-
                  | Int+7}
 66450 | Zig:20   | Got Ankum's Progressing With Spellcraft
 66469 | Zig:20   | Identified the +0 robe of the Garden {Str+3}
 66559 | Zig:21   | Entered Level 21 of a ziggurat
 66582 | Zig:21   | Paralysed by a wendigo for 1 turns
 66584 | Zig:21   | Paralysed by a wendigo for 1 turns
 66626 | Zig:21   | Noticed a shard shrike
 66699 | Zig:21   | Reached skill level 22 in Ice Magic
 66709 | Zig:21   | Killed a shard shrike
 66764 | Zig:21   | HP: 7/239 [divine wrath (98)]
 66764 | Zig:21   | Was forgiven by Vehumet
 67195 | Zig:21   | Noticed an ancient lich
 67298 | Zig:21   | Got Sif Muna's Parchment of Scalding Graupel
 67320 | Zig:22   | Entered Level 22 of a ziggurat
 67348 | Zig:22   | Noticed a shard shrike
 67351 | Zig:22   | Reached skill level 23 in Ice Magic
 67358 | Zig:22   | Killed a shard shrike
 67459 | Zig:22   | Identified the +0 ring mail of Circular Logic {rPois Str+3}
 67480 | Zig:22   | Identified the ring "Umasuh" {rPois AC+4 Str+4 Dex+3}
 67510 | Zig:22   | Identified the +7 war axe "Iggakk" {speed, Will+}
 67513 | Zig:22   | Identified the +7 morningstar of Pefun {freeze, ^Fragile
                  | rC+ rCorr Int+4}
 67514 | Zig:22   | Identified the amulet "Nynustom" {Spirit Harm *Slow Int+2}
 67519 | Zig:22   | Identified the ring of Coggob {rN+ Will+ Str-5 Int+7 SInv}
 67578 | Zig:23   | Entered Level 23 of a ziggurat
 67600 | Zig:23   | Reached XP level 27. HP: 190/190 MP: 33/43
 67608 | Zig:23   | Reached skill level 24 in Ice Magic
 67803 | Zig:23   | Found the +6 shillelagh "Devastator" {shatter}
 67811 | Zig:23   | Found the +3 pair of mountain boots {steadfast, rC+}
 67930 | Zig:23   | Identified the ring of Descent {Will+ rCorr Dex+3}
 67935 | Zig:23   | Identified the staff "Wiefuad" {rC+ Dex+3 Fire Ice}
 67937 | Zig:23   | Got Ygodghoem's Octavo of Deathly Frostbite
 67945 | Zig:23   | Identified the +0 ring mail of Wonder {-Tele Slay+2 Stlth+}
 67947 | Zig:23   | Got the Incunable of Gusty Corpses
 67950 | Zig:23   | Identified the +2 dagger "Hell-Harrower" {venom, Int+3
                  | Dex+3}
 68084 | Zig:24   | Entered Level 24 of a ziggurat
 68104 | Zig:24   | Reached skill level 25 in Ice Magic
 68213 | Zig:24   | Identified the +7 arbalest of the Seven Moons {heavy, rN+
                  | Will+ Dex+4 SInv}
 68215 | Zig:24   | Identified the staff of Juguwke {rN+ Conj Necro}
 68216 | Zig:24   | Identified the ring of Zinei {rElec MP+9}
 68220 | Zig:24   | Identified the ring "Jaconn" {Ice rPois Int+2}
 68227 | Zig:24   | Identified the +11 morningstar of Ihimuywn {spect, rPois
                  | rCorr Int-4 SInv}
 68235 | Zig:24   | Identified the +0 leather armour "Teoniy" {+Blink rN+ rCorr
                  | Int+4}
 68361 | Zig:25   | Entered Level 25 of a ziggurat
 68377 | Zig:25   | Paralysed by accursed screaming for 1 turns
 68383 | Zig:25   | Gained mutation: Potions are less effective at restoring
                  | your health. [a neqoxec]
 68384 | Zig:25   | Gained mutation: You are weak. (Str -2) [a cacodemon]
 68385 | Zig:25   | Reached skill level 26 in Ice Magic
 68390 | Zig:25   | Found the +1 Delatra's gloves {ID++}
 68409 | Zig:25   | Got Jeucvo's Octavo of the Brume
 68410 | Zig:25   | Identified the +4 trident "Ukhluibb" {freeze, rPois Str+3
                  | Stlth-}
 68412 | Zig:25   | Identified the +1 mace of the Baking Butterfly {vamp,
                  | Stlth+}
 68420 | Zig:25   | Identified the +9 triple sword of Zyozatew {heavy, Int+2}
 68655 | Zig:26   | Entered Level 26 of a ziggurat
 68671 | Zig:26   | Paralysed by an air elemental for 1 turns
 68674 | Zig:26   | Paralysed by an air elemental for 1 turns
 68677 | Zig:26   | Reached skill level 27 in Ice Magic
 68680 | Zig:26   | Paralysed by an air elemental for 1 turns
 68824 | Zig:26   | Found the +8 trishula "Condemnation" {holy, anguish, *Noise
                  | Fly rN+}
 68832 | Zig:26   | Identified the +6 lajatang of the Countless Ears {spect,
                  | SInv}
 68837 | Zig:26   | Identified the +8 halberd of the Spheres {freeze, rN+
                  | rCorr}
 68846 | Zig:26   | Identified the staff "Cemme" {rF+ rC+ Fire}
 68849 | Zig:26   | Identified the staff "Koong" {Dex+2 Earth}
 68951 | Zig:27   | Entered Level 27 of a ziggurat
 68972 | Zig:27   | Noticed Qesuwepn the pandemonium lord
 68976 | Zig:27   | Killed Qesuwepn the pandemonium lord
 68977 | Zig:27   | Reached skill level 15 in Fighting
 68985 | Zig:27   | Gained mutation: You have hidden genetic defects. [a
                  | cacodemon]
 69077 | Zig:27   | Gained mutation: Your body sometimes deteriorates upon
                  | taking damage. [a cacodemon]
 69079 | Zig:27   | Gained mutation: Your spells are a little easier to cast,
                  | but a little less powerful. [a cacodemon]
 69093 | Zig:27   | HP: 9/275 [Hell Sentinel/damnation (34)]
 69106 | Zig:27   | Killed from afar by a Hell Sentinel

Illustrated notes

Levels and vault maps discovered:
D:1:      elethiomel_arrival_maze, layout_loops_corners,
          chequers_serial_rivers_large_a, minmay_hexomino_f4
D:2:      layout_basic, uniq_natasha
D:3:      layout_loops_corners, nicolae_overflow_hidden_temple,
          nzn_wu_jian_council_hall, mainiacjoe_overflow_alcove_2, tgw_trog,
          shapermc_ecumenical_altar_acropolis, st_stairs_7, uniq_robin,
          uniq_sigmund
D:4:      cheibrodos_greedy_goblins, layout_basic, nicolae_vehumet_altar_sigil,
          kennysheep_little_box, mainiacjoe_overflow_alcove_4,
          ebering_ghost_reflecting_pool, serial_shops, nicolae_shop_rolled_up
D:5:      layout_cave_pools, nicolae_ru_the_path_less_chosen, okawaru_trees_2,
          minmay_temple_entry_arrows, serial_library,
          serial_library_hellmonk_open_square, serial_library_hellmonk_h_bend,
          serial_library_hellmonk_small_corner,
          serial_library_hellmonk_recessed_alcove,
          serial_library_hellmonk_room_b, serial_library_hellmonk_h_bend,
          serial_library_hellmonk_statue_hall
D:6:      layout_basic, mainiacjoe_overflow_six_doors_small, uniq_blork_the_orc,
          uniq_pikel
D:7:      minmay_thinvault, layout_loops_ring, lemuel_coloured_pillars_altar,
          cheibriados_altar_1, hangedman_abyss_or_decor_slice, uniq_menkaure,
          uniq_crazy_yiuf_cottage
D:8:      layout_basic, nicolae_dithmenos_the_darkroom
D:9:      minmay_polygon_palace, layout_irregular_city, general_overflow_altar,
          mainiacjoe_overflow_small_starburst, david_orc_3, enter_bailey_5
D:10:     layout_cross, mainiacjoe_overflow_catwalk,
          nicolae_trove_entry_diagonal, minmay_guarded_unrand_vampires_tooth,
          uniq_harold
D:11:     nicolae_moon_pools, layout_irregular_city, uniq_erica, uniq_grum,
          uniq_erolcha
D:12:     layout_layer_cave, nicolae_titane, uniq_kirke, uniq_jorgrun
D:13:     layout_irregular_city, david_vaults_4, st_stairs_9,
          nicolae_gozag_seed_capital, uniq_josephine
D:14:     layout_cave_pools, uniq_rupert
D:15:     gammafunk_depths_entry_grave, layout_layer_cave,
          gammafunk_ghost_mausoleum, serial_shops,
          nicolae_shop_industrial_runoff, elyvilon_altar_3,
          gauntlet_entry_generic
Temple:   nicolae_temple_ecumenical_triangle
Lair:1:   layout_roguey, gammafunk_ghost_arena, beast_lair_carwin_10,
          uniq_amaemon
Lair:2:   layout_long_grid, mainiacjoe_shoals_entry_four_pools,
          guppyfry_snake_entry_garden, lemuel_fruit_fields
Lair:3:   layout_cave_pods, special_room [special_room_bee],
          serial_bayou_pond_a, serial_bayou_shore_a, grunt_megastairs_4
Lair:4:   layout_hall_layers
Lair:5:   grunt_lair_end_beastmaster, layout_cave_pods,
          dpeg_slime_entry_enclosed, hangedman_lair_generics_rect,
          lemuel_fruit_tree, grunt_megastairs_2, infiniplex_staircase_pool_2
Shoals:1: layout_shoals, uniq_roxanne
Shoals:2: layout_shoals, serial_shops, shop, ebering_ghost_reflecting_pool,
          uniq_ilsuiw
Shoals:3: gammafunk_sealed_arena, layout_shoals, lemuel_oklob_altar
Shoals:4: shoals_end_hangedman, layout_shoals, lightli_airlock
Snake:1:  layout_grid_shapes, basic_altar, grunt_megastairs_5
Snake:2:  layout_misc_corridors
Snake:3:  layout_cave_town, nicolae_snake_serpentine_hallways,
          serial_library_hellmonk_recessed_alcove, serial_bayou_pond_b,
          serial_bayou_pond_d, uniq_agnes
Snake:4:  snake_pit_salamanders_mu, layout_cave_town, serial_shops,
          nicolae_shop_gibbet_a_chance, nicolae_snake_serpentine_bazaar
Orc:1:    layout_caves, basic_altar
Orc:2:    st_orc_pillars, layout_caves, basic_altar, abandoned_shop,
          nicolae_shop_gadgets, uniq_azrael, uniq_donald
Vaults:1: dpeg_vaults_hating_casters, vaults_mumra_hex,
          nicolae_vaults_little_squares_2, lightli_orcish_oven, v_misc_4,
          nicolae_vaults_apartment_2, vaults_dpeg_diagonal,
          nicolae_vaults_double_plus_2, layout_vaults_omnigrid
Vaults:2: ontoclasm_vaults_chip, blue_anna_dwarven_crypt,
          nicolae_vaults_specimen_jars, hangedman_vaults_slither,
          nicolae_vaults_shelves_hall, v_misc_1,
          nicolae_vaults_layer_cake_slice, v_misc_26, nicolae_vaults_tangram_1,
          nicolae_vaults_tetromino_T_1, nicolae_vaults_prndl,
          nicolae_vaults_tetromino_L_1, nicolae_vaults_cornered_office,
          nicolae_vaults_murder_corner, layout_vaults_omnicross
Vaults:3: nicolae_vaults_ellipses_ellipsis, grunt_vaults_funnel,
          ontoclasm_vaults_gateway, nicolae_vaults_diagonal_hallway_7,
          nicolae_vaults_tetromino_T_1, hangedman_vaults_pinch,
          nicolae_vaults_circle_grid_a, v_misc_33,
          nicolae_vaults_closet_pinwheel_6, v_alt_pattern_4,
          ontoclasm_vaults_tryst, nicolae_vaults_heart-shaped_vault,
          nicolae_vaults_trapezoid_2, layout_vaults_maze_bifur, uniq_margery
Vaults:4: lemuel_ogre_cave, ontoclasm_vaults_ring_large,
          nicolae_vaults_closet_pinwheel_1, v_misc_3, v_pattern_3,
          hangedman_vaults_corner, nicolae_vaults_layer_cake_slice,
          nicolae_vaults_house_2, vaults_room_fancy_cross,
          nicolae_vaults_border_crossing, layout_vaults_omnibox, serial_shops,
          shop
Depths:1: layout_gridlike, enter_ziggurat_c, grunt_metal_band,
          minmay_misc_feat_tiny, nicolae_shop_self_help, minmay_shop_star,
          firewood_loft
Depths:2: grunt_twist_and_shout, layout_cave_pools,
          infiniplex_enter_wizlab_spiral, hellmouth_1, serial_shops,
          bzr_entry_customers, nicolae_uskayaw_en_pointe, rand_demon_pan_entry_7
Depths:3: nicolae_cairo_tiling_large, layout_honeycomb, abyss_entry,
          kiku_gazebo_garden_becter, pf_hell_entry_tar_spiral,
          minmay_guarded_unrand_mage
Depths:4: hangedman_spin_cycle, hell_entry, uniq_grunn, uniq_vv, uniq_xtahua
Zig:27

Skill      XL: |  1  2  3  4  5  6  7  8  9 10 11 12 13 14 15 16 17 18 19 20 21 22 23 24 25 26 27 |
---------------+----------------------------------------------------------------------------------+-----
Spellcasting   | 3 4 5 6 8 9 10 12 13 14 15 16 | 16.0
Earth Magic    | 4 5 6 |  6.0
Conjurations   | 2 3 5 7 9 10 | 10.0
Evocations     | 1 2 3 4 6 8 |  8.0
Shields        | 3 5 14 16 | 16.0
Fighting       | 1 5 7 10 16 | 16.4
Armour         | 1 2 |  2.0
Dodging        | 5 8 |  8.0
Air Magic      | 3 5 7 |  7.0
Ice Magic      | 3 6 10 11 14 16 17 19 23 27 | 27.0
Translocations | 1 4 |  4.0
Fire Magic     | 2 8 10 12 14 18 20 21 | 21.0
Stealth        | 3 |  3.0
Shapeshifting  | 10 15 16 | 16.0
Alchemy        | 4 |  4.5

Action                     |  1- 3 |  4- 6 |  7- 9 | 10-12 | 13-15 | 16-18 | 19-21 | 22-24 | 25-27 || total
---------------------------+-------+-------+-------+-------+-------+-------+-------+-------+-------++-------
  Melee: Short sword       |     1 |       |       |       |       |       |       |       |       ||     1
         Rapier            |     1 |       |       |       |       |       |       |       |    23 ||    24
         Trident           |       |       |       |       |       |     6 |    16 |       |       ||    22
         Staff             |       |       |       |       |       |       |       |    19 |     6 ||    25
         Long sword        |       |       |       |       |       |       |       |     2 |       ||     2
   Fire: Sling             |       |    39 |    44 |    43 |       |       |       |       |       ||   126
   Cast: Sandblast         |    51 |    58 |    56 |   109 |    18 |     1 |     2 |       |       ||   295
         Stone Arrow       |       |       |    82 |   338 |   485 |   434 |   157 |    76 |    33 ||  1605
         Passwall          |       |       |       |     1 |       |       |       |     2 |       ||     3
         Freezing Cloud    |       |       |       |     8 |   136 |   345 |    56 |    28 |    14 ||   587
         Plasma Beam       |       |       |       |       |       |   129 |   337 |   165 |    22 ||   653
         Ignition          |       |       |       |       |       |       |   110 |    66 |   174 ||   350
         Blink             |       |       |       |       |       |       |       |     2 |       ||     2
         Irradiate         |       |       |       |       |       |       |       |       |     2 ||     2
         Polar Vortex      |       |       |       |       |       |       |       |       |    18 ||    18
 Invoke: Potion Petition   |       |       |       |       |       |       |       |       |    12 ||    12
  Evoke: Wand              |       |     2 |       |     2 |     4 |    18 |    21 |    14 |    20 ||    81
         Box of beasts     |       |       |       |       |     1 |       |     1 |       |     1 ||     3
         Lightning rod     |       |       |       |       |       |       |     4 |       |     3 ||     7
         Tin of tremorston |       |       |       |       |       |       |       |     1 |     2 ||     3
         Phantom mirror    |       |       |       |       |       |       |       |       |     1 ||     1
    Use: Scroll            |     1 |     1 |     8 |     2 |    11 |     8 |     9 |     7 |    23 ||    70
         Potion            |       |       |       |       |     1 |     2 |     1 |     6 |    33 ||    43
 Armour: Robe              |    12 |     5 |       |       |       |       |       |       |       ||    17
         Leather armour    |       |    26 |    25 |   144 |   136 |   109 |       |       |       ||   440
         Quicksilver drago |       |       |       |       |       |    66 |   176 |   143 |       ||   385
         Skin              |       |       |       |       |       |       |       |   103 |   469 ||   572
  Dodge: Dodged            |     9 |    12 |    18 |    95 |    91 |    93 |    89 |   126 |   333 ||   866
  Block: Buckler           |       |       |     4 |    62 |    94 |    93 |    90 |    81 |    68 ||   492
         Reflection        |       |       |       |       |    17 |    34 |    16 |     7 |       ||    74
         Kite shield       |       |       |       |       |       |       |       |       |   294 ||   294
   Form: Statue            |       |       |       |       |       |       |       |     1 |     2 ||     3
                           |       |       |       |       |       |       |       |       |     2 ||     2

Table legend: (Time is in decaauts)
 A = Elapsed time spent in this place.
 B = Non-inter-level travel time spent in this place.
 C = Inter-level travel time spent in this place.
 D = Time resting spent in this place.
 E = Time spent auto-exploring this place.
 F = Levels seen in this place.
 G = Mean time per level.
                   A        B        C        D        E       F      G
               +--------+--------+--------+--------+--------+-----+--------+
         Total |  73160 |  66365 |   6795 |  28083 |  24770 |  70 | 1045.1 |
       Dungeon |  20143 |  17251 |   2892 |   5537 |   8501 |  15 | 1342.9 |
        Temple |      1 |      1 |      0 |      0 |      0 |   1 |    1.0 |
          Lair |   7860 |   6944 |    916 |   2590 |   3189 |   5 | 1572.0 |
        Shoals |   7639 |   6327 |   1312 |   3027 |   2134 |   4 | 1909.8 |
     Snake Pit |   6847 |   6257 |    590 |   2750 |   2561 |   4 | 1711.8 |
  Orcish Mines |   2136 |   1895 |    241 |    933 |    499 |   2 | 1068.0 |
        Vaults |   9495 |   9033 |    462 |   4690 |   3072 |   4 | 2373.8 |
        Depths |   7504 |   7125 |    379 |   3967 |   2028 |   4 | 1876.0 |
      Ziggurat |   8832 |   8832 |      0 |   3184 |   2268 |  27 |  327.1 |
        Bazaar |     75 |     75 |      0 |      0 |      0 |   1 |   75.0 |
        Bailey |    667 |    667 |      0 |    319 |     80 |   1 |  667.0 |
        Wizlab |   1101 |   1101 |      0 |    668 |    304 |   1 | 1101.0 |
      Gauntlet |    854 |    854 |      0 |    417 |    132 |   1 |  854.0 |
               +--------+--------+--------+--------+--------+-----+--------+

Top non-repeatable levels by time:
 Snake:4: 3359 daAuts
Vaults:1: 2935 daAuts
Depths:1: 2743 daAuts
Shoals:4: 2448 daAuts
Depths:3: 2427 daAuts
Vaults:4: 2409 daAuts
Vaults:2: 2393 daAuts
    D:15: 2075 daAuts
Shoals:1: 1934 daAuts
    D:12: 1859 daAuts
Shoals:3: 1857 daAuts
  Lair:5: 1852 daAuts
   Orc:2: 1831 daAuts
    D:11: 1780 daAuts
Vaults:3: 1757 daAuts
